 Dungeon Crawl Stone Soup version 0.30-a0-777-ga9a30cbeda (webtiles) character file.

Game seed: 13512574075787932488

88 sircluck the Conjurer (level 4, -1/24 HPs)
             Began as a Tengu Conjurer on Feb 14, 2023.
             Succumbed to an adder's poison
             ... on level 3 of the Dungeon.
             The game lasted 00:05:55 (2232 turns).

sircluck the Conjurer (Tengu Conjurer)              Turns: 2232, Time: 00:05:56

Health: -1/24      AC:  4    Str:  7    XL:     4   Next: 54%
Magic:  7/8        EV: 12    Int: 21    God:
Gold:   136        SH:  0    Dex: 12    Spells: 3/8 levels left

rFire   + . .      SeeInvis .    l - staff of air
rCold   x . .      Faith    .    (no shield)
rNeg    . . .      Spirit   .    a - +0 robe
rPois   .          Reflect  .    (helmet restricted)
rElec   +          Harm     .    c - +0 cloak
rCorr   .          Rampage  .    d - +0 pair of gloves
Will    .....                    (boots unavailable)
Stlth   ++                       (no amulet)
HPRegen 0.24/turn                m - ring of fire
MPRegen 0.11/turn                (no ring)

@: lethally poisoned (-1 -> -9)
A: beak, talons 3
a: no special abilities


You were on level 3 of the Dungeon.
You visited 1 branch of the dungeon, and saw 3 of its levels.

You collected 136 gold pieces.

Inventory:

Hand Weapons
 i - a +0 spear
 n - a +0 sling
Missiles
 h - 15 stones
 j - 2 atropa-tipped darts
Armour
 a - a +0 robe (worn)
 c - a +0 cloak (worn)
 d - a +0 pair of gloves (worn)
Magical Staves
 l - a staff of air (weapon)
Jewellery
 m - a ring of fire (left hand)
 o - a ring of fire
Scrolls
 f - 2 scrolls of teleportation {unknown}
 g - 4 scrolls of identify {unknown}
 k - 2 scrolls of amnesia {unknown}
 p - a scroll of immolation {unknown}
 r - a scroll of noise {unknown}
 u - a scroll of vulnerability {unknown}
Potions
 b - a potion of magic
 e - a potion of resistance {unknown}
 q - a potion of flight {unknown}
 s - a potion of heal wounds {unknown}
 t - a potion of attraction {unknown}


   Skills:
 + Level 2.3 Dodging
 + Level 3.1 Stealth
 + Level 2.5 Spellcasting
 + Level 6.5 Conjurations


You had 3 spell levels left.
You knew the following spells:

 Your Spells              Type           Power      Damage    Failure   Level
a - Magic Dart            Conj           100%       1d8       1%          1
b - Fulminant Prism       Conj/Hex       8%         3d7       34%         4

Your spell library contained the following spells:

 Spells                   Type           Power      Damage    Failure   Level
 Searing Ray              Conj           60%        2d6       1%          2
 Dazzling Flash           Conj/Hex       32%        N/A       11%         3
 Iskenderun's Mystic Bla  Conj/Tloc      16%        2d5       34%         4


Dungeon Overview and Level Annotations

Branches:
Dungeon (3/15)

Altars:


Innate Abilities, Weirdness & Mutations

You have a beak for a mouth.
You have claws for feet.


Message History

You are too injured to fight recklessly!
Casting: Magic Dart (safe; 1% risk of failure)
Confirm with . or Enter, or press ? or * to list all spells.
Aiming: Magic Dart (safe; 1% risk of failure)
Press: ? - help, Shift-Dir - straight line, f/p - worm
Aim: a worm (severely wounded, 100% to hit)
The magic dart hits the worm!
You kill the worm!
The adder hisses angrily.
Casting: Magic Dart (safe; 1% risk of failure)
Confirm with . or Enter, or press ? or * to list all spells.
You don't have enough magic to cast this spell.
Unknown command.
The adder attacks as you move away! The adder bites you but does no damage.
Casting: Magic Dart (safe; 1% risk of failure)
Confirm with . or Enter, or press ? or * to list all spells.
Aiming: Magic Dart (safe; 1% risk of failure)
Press: ? - help, Shift-Dir - straight line, f - adder
Aim: an adder (100% to hit)
The magic dart hits the adder.
The adder is moderately wounded.
The adder barely misses you. The adder attacks as you move away!
The adder misses you. The adder bites you.
* * * LOW HITPOINT WARNING * * *
You are poisoned.
The adder poisons you! Magic courses through your body.
* * * LOW HITPOINT WARNING * * *
You feel sick. The adder bites you.
* * * LOW HITPOINT WARNING * * *
You are more poisoned.
The adder poisons you!
Casting: Magic Dart (safe; 1% risk of failure)
Confirm with . or Enter, or press ? or * to list all spells.
Aiming: Magic Dart (safe; 1% risk of failure)
Press: ? - help, Shift-Dir - straight line, f/p - adder
Aim: an adder (moderately wounded, 100% to hit)
The magic dart hits the adder.
The adder is severely wounded.
You die...

### ###.# #...# ######.#.#
#.....)#.######
#######.######.#....#
########.......#......#..#
......##.......#.S......##.#
......##........@######†...#
......##..)..#.#....# #.####
..........##.#....#.# #..
.............#......# ..##
..........####.###### #)#
................. #..
.......#######.## ..#
...........# #.# ...
####++####.#


You could see an adder.

Vanquished Creatures
  5 adders
  A worm (D:3)
  4 bats
  3 endoplasms
  5 giant cockroaches (D:1)
  6 goblins
  A hobgoblin (D:1)
  3 kobolds
  3 quokkas
  3 ball pythons
  4 rats
38 creatures vanquished.

Vanquished Creatures (others)
  2 fulminant prisms (D:2)
2 creatures vanquished.

Grand Total: 40 creatures vanquished

Notes
Turn   | Place    | Note
-------+----------+-------------------------------------------
     0 | D:1      | sircluck the Tengu Conjurer began the quest for the Orb.
     0 | D:1      | Reached XP level 1. HP: 10/10 MP: 4/4
   438 | D:1      | Reached XP level 2. HP: 15/15 MP: 3/6
   552 | D:1      | Reached skill level 6 in Conjurations
   893 | D:1      | Reached XP level 3. HP: 19/19 MP: 7/7
  1535 | D:2      | Reached XP level 4. HP: 23/24 MP: 4/8
  1578 | D:2      | Learned a level 4 spell: Fulminant Prism
  2231 | D:3      | HP: 1/24 [adder (3)]
  2232 | D:3      | Succumbed to an adder's poison

Illustrated notes

Levels and vault maps discovered:
D:1:      dpeg_arrival_boxorama, layout_basic, serial_bayou,
          serial_bayou_shore_b, serial_bayou_shore_a, serial_bayou_pond_d,
          serial_bayou_pond_a, minmay_worlds_worst_comb
D:2:      cheibrodos_old_hovel, layout_basic
D:3:      layout_basic, kennysheep_generic_room_7

Skill      XL: |  1  2  3  4 |
---------------+-------------+-----
Conjurations   | 6 |  6.5
Stealth        | 3 |  3.1
Dodging        | |  2.3
Spellcasting   | |  2.5

Action                     |  1- 3 |  4- 6 || total
---------------------------+-------+-------++-------
  Melee: Unarmed           |     3 |       ||     3
         Kick              |    11 |     2 ||    13
         Spear             |    28 |       ||    28
         Peck              |     6 |     2 ||     8
         Staff             |    14 |     4 ||    18
         Punch             |     1 |       ||     1
   Cast: Magic Dart        |    35 |    16 ||    51
         Fulminant Prism   |       |     2 ||     2
    Use: Potion            |       |     1 ||     1
   Stab: Sleeping          |     6 |       ||     6
 Armour: Robe              |    12 |     1 ||    13
  Dodge: Dodged            |    32 |     2 ||    34

Table legend: (Time is in decaauts)
 A = Elapsed time spent in this place.
 B = Non-inter-level travel time spent in this place.
 C = Inter-level travel time spent in this place.
 D = Time resting spent in this place.
 E = Time spent auto-exploring this place.
 F = Levels seen in this place.
 G = Mean time per level.
                   A        B        C        D        E       F      G
               +--------+--------+--------+--------+--------+-----+--------+
         Total |   2258 |   2149 |    109 |      0 |   1869 |   3 |  752.7 |
       Dungeon |   2258 |   2149 |    109 |      0 |   1869 |   3 |  752.7 |
               +--------+--------+--------+--------+--------+-----+--------+

Top non-repeatable levels by time:
     D:1: 1197 daAuts
     D:2: 902 daAuts
     D:3: 158 daAuts
